 Dungeon Crawl Stone Soup version 0.22-a0-618-gd6a3efe (webtiles) character file.

80 Gildeon the Magician (level 4, -3/24 HPs)
             Began as a Deep Elf Fire Elementalist on July 13, 2018.
             Slain by an orc
             ... wielding a +0 hand axe
              (4 damage)
             ... on level 4 of the Dungeon.
             The game lasted 00:06:34 (1146 turns).

Gildeon the Magician (Deep Elf Fire Elementalist)   Turns: 1146, Time: 00:06:35

Health: -3/24      AC:  2    Str:  5    XL:     4   Next: 18%
Magic:  0/12       EV: 13    Int: 21    God:
Gold:   65         SH:  0    Dex: 15    Spells: 8/11 levels left

rFire    . . .     SeeInvis .   e - +2 dagger
rCold    . . .     Gourm    .   (no shield)
rNeg     . . .     Faith    .   a - +0 robe
rPois    .         Spirit   .   (no helmet)
rElec    .         Reflect  .   (no cloak)
rCorr    .         Harm     .   (no gloves)
MR       .....                  (no boots)
Stlth    +++.......             (no amulet)
HPRegen  0.08/turn              (no ring)
MPRegen  0.13/turn              (no ring)

@: no status effects
A: no striking features
a: no special abilities


You were on level 4 of the Dungeon.
You were not hungry.

You visited 1 branch of the dungeon, and saw 3 of its levels.

You collected 65 gold pieces.

Inventory:

Hand Weapons
 e - a +2 dagger (weapon)
Armour
 a - a +0 robe (worn)
Scrolls
 d - a scroll of identify {unknown}
 h - a scroll of amnesia {unknown}
 i - 3 scrolls of immolation {unknown}
Potions
 b - a potion of flight {unknown}
 f - a potion of agility {unknown}
 g - a potion of brilliance {unknown}
 j - a potion of curing {unknown}
Comestibles
 c - 2 rations


   Skills:
 - Level 2.7 Dodging
 + Level 3.8 Stealth
 + Level 4.2 Spellcasting
 - Level 1.1 Conjurations
 + Level 4.1 Fire Magic


You had 8 spell levels left.
You knew the following spells:

 Your Spells              Type           Power        Failure   Level  Hunger
a - Flame Tongue          Conj/Fire      ###..        4%          1    None
b - Throw Flame           Conj/Fire      ###...       6%          2    #......

Your spell library contained the following spells:

 Spells                   Type           Power        Failure   Level  Hunger
 Fireball                 Conj/Fire      ###.......   75%         5    ######.
 Conjure Flame            Conj/Fire      ###.....     12%         3    ###....
 Sticky Flame             Conj/Fire      ###.....     38%         4    ####...
 Inner Flame              Hex/Fire       ##......     16%         3    ###....


Dungeon Overview and Level Annotations

Branches:
Dungeon (2/15)

Altars:

Annotations:
D:1 Terence
D:2 1 runed door


Message History

The jackal skeleton bites you.
* * * LOW HITPOINT WARNING * * *
Casting: Flame Tongue (safe; 4% risk of failure)
Confirm with . or Enter, or press ? or * to list all spells.
Aiming: Flame Tongue (safe; 4% risk of failure)
Press: ? - help, Shift-Dir - straight line, f - jackal skeleton
Aim: a jackal skeleton The flame tongue hits the jackal skeleton.
The jackal skeleton is almost destroyed.
You hear the slow rusting of a distant drain.
The jackal skeleton bites you.
* * * LOW HITPOINT WARNING * * *
The orc barely misses you. The jackal skeleton bites you.
* * * LOW HITPOINT WARNING * * *
The orc misses you.
You hit the jackal skeleton.
You destroy the jackal skeleton!
You feel yourself speed up. The orc hits you with a hand axe.
You die...

#..#######.#..).#
#.....# #.#..#.#
##.##.# #.#..#.#
#(##.# #.#..#.#
#.##.# #.#..#.#
#.##.# #.#..#.#
#.##.# #.#..#.###
o.##.# #.#.....<##
####@# #.#.......#
#o# #.#...###.# #o#
#.....# .#
#######.###########
#
#.......).oo[......
#........####......
#.......># ####.
#........#
#........#


You could see 2 orcs.

Vanquished Creatures
  2 orc wizards (D:4)
  A leopard gecko (D:1)
  An orc (D:4)
  A ball python (D:4)
  2 giant cockroaches (D:1)
  4 goblins
  2 hobgoblins (D:1)
  4 bats (D:1)
  A jackal skeleton (D:4)
  A kobold (D:2)
  2 rats (D:1)
21 creatures vanquished.

Notes
Turn   | Place    | Note
-------+----------+-------------------------------------------
     0 | D:1      | Gildeon the Deep Elf Fire Elementalist began the quest for the Orb.
     0 | D:1      | Reached XP level 1. HP: 10/10 MP: 6/6
   360 | D:1      | Reached XP level 2. HP: 15/15 MP: 4/8
   371 | D:1      | Learned a level 2 spell: Throw Flame
   766 | D:2      | Noticed Terence
   942 | D:2      | Found a runed door.
  1002 | D:2      | You fall through a shaft for 2 floors!
  1132 | D:4      | Reached XP level 3. HP: 12/19 MP: 3/10
  1141 | D:4      | Reached XP level 4. HP: 4/24 MP: 0/12
  1145 | D:4      | HP: 1/24 [jackal skeleton (1)]
  1146 | D:4      | Slain by an orc

Vault maps used:
D:1:      saegor_arrival_simple_a
D:2:      minmay_item_behind_shaft, elyvilon_altar_5, uniq_crazy_yiuf_cottage,
          uniq_terence, uniq_jessica
D:4:      first_ration, gup_sewer_entry_bubbles

Skill      XL: |  1  2  3 |
---------------+----------+-----
Stealth        | 3 |  3.8
Spellcasting   | 4 |  4.2
Fire Magic     | 4 |  4.1
Dodging        | |  2.7
Conjurations   | |  1.1

Action                   |  1- 3 |  4- 6 || total
-------------------------+-------+-------++-------
Melee: Unarmed           |     1 |       ||     1
       Dagger            |     4 |     1 ||     5
 Cast: Flame Tongue      |    41 |     2 ||    43
  Use: Scroll            |     3 |       ||     3
 Stab: Sleeping          |     1 |       ||     1
  Eat: Ration            |       |     1 ||     1
Armor: Robe              |     4 |     1 ||     5
Dodge: Dodged            |    25 |     2 ||    27

Table legend:
 A = Spawn XP
 B = Non-spawn XP
 C = Spawn XP percentage of total XP
 D = Spawn monster count
 E = Non-spawn monster count
 F = Spawn count percentage of total count
 G = Total turns spent on level
                    A         B        C        D         E        F      G
               +---------+---------+-------+---------+---------+-------+---------
         Total |       0 |     115 |   0.0 |       0 |      21 |   0.0 |  1146
               +---------+---------+-------+---------+---------+-------+---------
           D:1 |       0 |      23 |   0.0 |       0 |      14 |   0.0 |   799
           D:2 |       0 |       3 |   0.0 |       0 |       2 |   0.0 |   203
           D:4 |       0 |      89 |   0.0 |       0 |       5 |   0.0 |   144
               +---------+---------+-------+---------+---------+-------+---------
